AoeStats
← 买彩票刮出欠条

Nomad

508434944Analyzed
3v3 RM · 11d ago on Sep 22, 2026· 32m 6s· 6 players
Game mode
Random Map
Map size
210×210
Population
200
Speed
Normal
Resources
Standard
Victory
Conquest
Starting age
Dark Age
Ending age
Imperial Age
RankedLock teamsTeams togetherTeam positionsShared explorationLock speedFull tech treeHidden civsTurbo modeCheats
Victory
Defeat
🇳🇱 Portuguese · Netherlands
1478
+11
🇺🇸 Tupi · United States
1460
+12
🇧🇷 Dravidians · Brazil
1452
+12
🇩🇪 Burgundians · Germany
1398
-12
🇻🇳 Japanese · Vietnam
1397
-13
🇨🇳 Tupi · China
1319
-10
bina
5:02 Loom
12:38 Feudal Age
14:41 Double-Bit Axe
17:37 Castle Age
15:51 Fishing Lines
16:30 Gold Mining
17:51 Fletching
18:31 Medium Warships
18:38 Bow Saw
19:34 Bodkin Arrow
22:09 Clinker Construction
24:46 Careening
26:00 Ballistics
27:57 Stone Mining
28:21 Guard Tower
28:57 Padded Archer Armor
30:18 Leather Archer Armor
P1nGp0nG
3:12 Loom
17:22 Feudal Age
22:04 Castle Age
22:31 Double-Bit Axe
23:25 Fletching
买彩票刮出欠条
12:42 Feudal Age
13:44 Double-Bit Axe
16:41 Castle Age
15:36 Stone Mining
15:43 Loom
17:44 Bow Saw
17:16 Horse Collar
22:26 Heavy Plow
22:18 Gold Mining
23:23 Wheelbarrow
23:19 Fletching
25:14 Bodkin Arrow
25:50 Padded Archer Armor
28:26 Hand Cart
29:11 Ballistics
30:24 Scale Mail Armor
30:34 Forging
31:20 Chain Mail Armor
30:28 Champi Runner
31:08 Squires
31:14 Champi Warrior
34:53 Imperial Age
Tamy Chan
5:08 Loom
13:06 Feudal Age
14:00 Fishing Lines
14:38 Fletching
15:14 Gold Mining
15:11 Double-Bit Axe
16:42 Padded Archer Armor
21:15 Castle Age
20:58 Wheelbarrow
22:09 Medium Warships
23:00 Gillnets
23:14 Stone Mining
24:03 Bow Saw
26:03 Horse Collar
27:02 Hand Cart
29:48 Imperial Age
28:36 Ballistics
28:12 Bodkin Arrow
28:32 Leather Archer Armor
28:23 Scale Barding Armor
28:48 Town Watch
30:55 Bracer
trollano
9:18 Loom
12:32 Feudal Age
19:26 Castle Age
19:24 Double-Bit Axe
19:19 Horse Collar
23:31 Fletching
32:22 Bow Saw
Strider
12:41 Feudal Age
13:45 Loom
15:04 Double-Bit Axe
16:59 Horse Collar
17:50 Fletching
22:36 Castle Age
23:35 Medium Warships
23:43 Bow Saw
27:48 Bodkin Arrow
Connection lost

Rejoining the realm…

Still unreachable

The connection could not be restored.

Session expired

The server has moved on; the page needs a fresh start.